AoeStats
← 羅賓不流汗

Black Forest

506125895Analyzed
4v4 RM · 21d ago on Sep 12, 2026· 49m 1s· 8 players
Game mode
Random Map
Map size
Large (8 player)
Population
200
Speed
Normal
Resources
Standard
Victory
Conquest
Starting age
Dark Age
Ending age
Imperial Age
RankedLock teamsTeams togetherTeam positionsShared explorationLock speedFull tech treeHidden civsTurbo modeCheats
Victory
Defeat
🇦🇺 Aztecs · Australia
944
+14
🇹🇷 Persians · Türkiye
890
+16
🇯🇵 Ethiopians · Japan
882
+16
🇦🇺 Britons · Australia
848
+40
🇨🇦 Bohemians · Canada
938
-18
🇺🇸 Khitans · United States
931
-17
🇹🇼 Britons · Taiwan
856
-15
🇹🇼 Wei · Taiwan
843
-14
y_oshi
0:26 Loom
13:07 Feudal Age
15:55 Double-Bit Axe
18:39 Castle Age
16:27 Horse Collar
17:02 Stone Mining
18:40 Gold Mining
23:44 Bow Saw
23:27 Fletching
26:26 Heavy Plow
28:19 Wheelbarrow
32:06 Imperial Age
30:39 Gold Shaft Mining
30:06 Caravan
29:52 Elite Skirmisher
30:38 Thumb Ring
31:31 Ballistics
31:15 Padded Archer Armor
31:47 Fervor
31:54 Hand Cart
31:59 Town Watch
32:28 Bodkin Arrow
32:49 Leather Archer Armor
32:45 Forging
34:02 Chemistry
33:39 Conscription
33:21 Scale Mail Armor
33:21 Crossbowman
34:16 Halberdier
36:48 Two-Man Saw
36:59 Bracer
37:21 Torsion Engines
37:39 Squires
39:47 Iron Casting
39:51 Arbalester
41:38 Ring Archer Armor
42:09 Blast Furnace
41:52 Elite Shotel Warrior
43:48 Siege Engineers
44:35 Chain Mail Armor
46:01 Plate Mail Armor
46:25 Guilds
47:14 Royal Heirs
49:04 Arson
SlayQueen
15:00 Feudal Age
18:25 Castle Age
16:33 Double-Bit Axe
18:06 Wheelbarrow
17:17 Horse Collar
17:37 Stone Mining
17:51 Gold Mining
19:54 Bow Saw
19:34 Loom
20:15 Heavy Plow
26:02 Hand Cart
32:37 Imperial Age
30:00 Fletching
30:12 Padded Archer Armor
30:51 Yeomen
31:11 Bodkin Arrow
31:28 Forging
32:49 Leather Archer Armor
33:42 Conscription
34:08 Hoardings
34:18 Ballistics
35:00 Chemistry
33:57 Murder Holes
34:37 Ring Archer Armor
34:12 Bracer
35:40 Gold Shaft Mining
35:11 Caravan
37:45 Iron Casting
37:31 Elite Longbowman
38:17 Elite Skirmisher
38:20 Crossbowman
40:18 Warwolf
41:32 Two-Man Saw
44:38 Cavalier
45:19 Husbandry
44:42 Light Cavalry
46:37 Siege Engineers
47:39 Blast Furnace
46:45 Scale Barding Armor
46:41 Scale Mail Armor
Socom
1:13 Loom
16:25 Feudal Age
21:45 Castle Age
19:54 Double-Bit Axe
23:42 Wheelbarrow
35:29 Imperial Age
34:00 Hand Cart
33:31 Town Watch
35:22 Eagle Warrior
35:48 Arson
36:03 Squires
36:10 Scale Mail Armor
36:21 Forging
37:40 Bow Saw
38:43 Garland Wars
39:04 Gold Mining
39:32 Chain Mail Armor
39:53 Iron Casting
40:22 Elite Eagle Warrior
41:50 Plate Mail Armor
42:58 Blast Furnace
43:37 Gambesons
43:13 Man-at-Arms
43:29 Capped Ram
46:19 Long Swordsman
46:27 Siege Ram
47:15 Two-Handed Swordsman
`TryAki
0:27 Loom
11:42 Feudal Age
19:33 Castle Age
35:30 Imperial Age
34:00 Wheelbarrow
33:11 Town Watch
33:40 Forging
33:35 Scale Barding Armor
33:40 Caravan
33:56 Town Patrol
35:08 Hand Cart
34:39 Horse Collar
34:46 Double-Bit Axe
34:59 Gold Mining
34:59 Stone Mining
34:59 Gold Mining
34:59 Stone Mining
35:21 Elite War Elephant
36:30 Conscription
36:24 Heavy Plow
36:35 Bow Saw
37:09 Iron Casting
36:54 Chain Barding Armor
36:54 Bloodlines
36:53 Husbandry
38:12 Crop Rotation
42:26 Blast Furnace
42:34 Plate Barding Armor
Campain3r
1:12 Loom
14:22 Feudal Age
15:33 Town Watch
16:52 Arson
17:21 Double-Bit Axe
17:12 Man-at-Arms
22:00 Wheelbarrow
21:12 Town Watch
25:00 Castle Age
23:25 Padded Archer Armor
23:43 Fletching
23:56 Domestication
26:31 Hand Cart
26:18 Pastoralism
26:30 Bow Saw
31:36 Imperial Age
34:32 Masonry
34:32 Siege Engineers
36:57 Ballistics
38:07 Heavy Rocket Cart
Rage of Khorne
0:57 Loom
13:21 Feudal Age
14:43 Double-Bit Axe
15:45 Horse Collar
20:59 Castle Age
23:05 Fervor
24:38 Bow Saw
26:24 Wheelbarrow
26:01 Heavy Plow
27:59 Hand Cart
33:49 Imperial Age
32:59 Chemistry
32:19 Ballistics
32:39 Treadmill Crane
32:54 Fletching
33:08 Padded Archer Armor
33:41 Wagenburg Tactics
33:39 Bodkin Arrow
33:59 Masonry
34:01 Fortified Wall
36:18 Conscription
36:27 Capped Ram
38:05 Pikeman
38:46 Squires
38:31 Arson
39:24 Halberdier
41:13 Bracer
41:13 Scale Mail Armor
41:24 Forging
41:03 Arrowslits
42:47 Elite Skirmisher
羅賓不流汗
0:39 Loom
11:02 Feudal Age
11:50 Double-Bit Axe
20:18 Horse Collar
20:51 Fletching
23:30 Castle Age
24:51 Crossbowman
24:54 Elite Skirmisher
25:33 Bodkin Arrow
27:31 Bow Saw
28:41 Ballistics
34:47 Imperial Age
34:39 Murder Holes
35:31 Wheelbarrow
35:05 Padded Archer Armor
36:04 Yeomen
37:24 Chemistry
36:57 Hand Cart
36:55 Heavy Plow
37:08 Bow Saw
37:47 Conscription
40:19 Leather Archer Armor
41:28 Gold Mining
41:32 Stone Mining
42:15 Warwolf
41:58 Elite Longbowman
42:46 Bracer
44:15 Siege Engineers
44:22 Caravan
你行Nissan阿
0:32 Loom
14:08 Feudal Age
19:36 Castle Age
18:09 Horse Collar
18:16 Double-Bit Axe
20:44 Heavy Plow
20:55 Bow Saw
27:31 Wheelbarrow
29:09 Hand Cart
33:16 Imperial Age
31:10 Husbandry
31:21 Bloodlines
31:35 Gold Mining
31:35 Stone Mining
32:03 Caravan
34:43 Forging
34:38 Scale Barding Armor
35:39 Chemistry
35:08 Heavy Hei Guang Cavalry
35:51 Tuntian
36:12 Conscription
37:03 Iron Casting
36:49 Chain Barding Armor
37:31 Gold Shaft Mining
37:31 Stone Shaft Mining
36:54 Light Cavalry
38:27 Hussar
40:53 Squires
40:14 Pikeman
41:59 Blast Furnace
40:46 Halberdier
42:44 Scale Mail Armor
46:24 Chain Mail Armor
46:59 Parthian Tactics
47:17 Fletching
47:27 Padded Archer Armor
Connection lost

Rejoining the realm…

Still unreachable

The connection could not be restored.

Session expired

The server has moved on; the page needs a fresh start.